 Dungeon Crawl Stone Soup version 0.24.1-4-ge52af88ad5 (webtiles) character file.

Game seed: 3786627967310277403, levelgen mode: deterministic

31 gruber the Poker (level 3, 0/27 HPs)
             Began as a Merfolk Skald on Apr 12, 2020.
             Slain by an adder (1 damage)
             ... on level 2 of the Dungeon.
             The game lasted 00:00:48 (603 turns).

gruber the Poker (Merfolk Skald)                     Turns: 603, Time: 00:00:49

Health: 0/27       AC:  3    Str: 12    XL:     3   Next: 22%
Magic:  6/6        EV: 12    Int: 12    God:
Gold:   55         SH:  0    Dex: 13    Spells: 5/6 levels left

rFire    . . .     SeeInvis .   a - +0 spear
rCold    . . .     Gourm    .   (no shield)
rNeg     + . .     Faith    .   b - +0 leather armour
rPois    .         Spirit   .   (no helmet)
rElec    .         Reflect  .   (no cloak)
rCorr    .         Harm     .   (no gloves)
MR       .....                  (no boots)
Stlth    +.........             (no amulet)
HPRegen  0.09/turn              f - ring of positive energy
MPRegen  0.10/turn              (no ring)

@: lethally poisoned (0 -> -8)
A: change form in water, swift swim, stealthy swim
a: no special abilities


You were on level 2 of the Dungeon.
You were not hungry.

You visited 1 branch of the dungeon, and saw 2 of its levels.

You collected 55 gold pieces.

Inventory:

Hand Weapons
 a - a +0 spear (weapon)
Armour
 b - a +0 leather armour (worn)
Jewellery
 f - a ring of positive energy (left hand)
Scrolls
 e - 2 scrolls of identify {unknown}
 h - 3 scrolls of remove curse {unknown}
 i - a scroll of teleportation {unknown}
 j - a scroll of enchant armour {unknown}
Potions
 c - 2 potions of curing {unknown}
 g - a potion of might {unknown}
Comestibles
 d - 2 rations


   Skills:
 - Level 2.1 Fighting
 + Level 5.3 Polearms
 - Level 0.6 Armour
 - Level 2.6 Dodging
 - Level 2.0 Spellcasting
 - Level 3.2 Charms


You had 5 spell levels left.
You knew the following spells:

 Your Spells              Type           Power        Failure   Level  Hunger
a - Infusion              Chrm           #...         9%          1    ##.....

Your spell library contained the following spells:

 Spells                   Type           Power        Failure   Level  Hunger
 Song of Slaying          Chrm           #.......     14%         2    ###....
 Shroud of Golubria       Chrm/Tloc      #.....       26%         2    ###....
 Regeneration             Chrm/Necr      #.........   47%         3    ####...
 Spectral Weapon          Hex/Chrm       #.......     47%         3    ####...


Dungeon Overview and Level Annotations

Branches:
Dungeon (2/15)

Altars:


Message History

* * * LOW HITPOINT WARNING * * *
The adder bites you but does no damage.
You hit the adder.
The adder is moderately wounded.
The adder bites you.
* * * LOW HITPOINT WARNING * * *
You hit the adder but do no damage.
The adder is moderately wounded.
The adder barely misses you.
You hit the adder.
The adder is heavily wounded.
The adder bites you.
* * * LOW HITPOINT WARNING * * *
You are more poisoned.
The adder poisons you!
You hit the adder but do no damage.
The adder is heavily wounded.
* * * LOW HITPOINT WARNING * * *
You feel sick. The adder bites you.
You die...

..#
#..........#
..
#..........#
##
#..........#
#########.##
#######..#
#......#.## +#
#......#.r# .#
#......##S##.#
#.......@....#
#............#
######.......#
###########
#.......#
..........#
#####...#
(.........#
##..#
..........#
#######..#
..........#
#.......>#
..........#
#.########


You could see an adder and a rat.

Vanquished Creatures
  An adder (D:2)
  A dart slug (D:1)
  2 giant cockroaches
  5 goblins
  2 hobgoblins (D:1)
  A jackal (D:2)
  3 bats
  2 kobolds (D:2)
  A rat (D:1)
18 creatures vanquished.

Notes
Turn   | Place    | Note
-------+----------+-------------------------------------------
     0 | D:1      | gruber the Merfolk Skald began the quest for the Orb.
     0 | D:1      | Reached XP level 1. HP: 16/16 MP: 3/3
   119 | D:1      | Reached skill level 4 in Polearms
   119 | D:1      | Reached XP level 2. HP: 22/22 MP: 5/5
   523 | D:2      | Reached skill level 5 in Polearms
   523 | D:2      | Reached XP level 3. HP: 21/27 MP: 6/6
   603 | D:2      | HP: 1/27 [poisoned by an adder]
   603 | D:2      | Slain by an adder

Levels and vault maps discovered:
D:1:      minmay_arrival_shattered_statue, layout_rooms, grunt_decor_arrowhead
D:2:      layout_basic, zin_angel, guppyfry_early_orc_mine

Skill      XL: |  1  2 |
---------------+-------+-----
Polearms       | 4 5 |  5.3
Fighting       | |  2.1
Armour         | |  0.6
Dodging        | |  2.6
Spellcasting   | |  2.0
Charms         | |  3.2

Action                   || total
-------------------------++-------
Melee: Spear             ||    67
 Cast: Infusion          ||     1
Armor: Leather armour    ||    15
Dodge: Dodged            ||    32
